 Dungeon Crawl Stone Soup version 0.28-a0-265-g048bc9fd10 (webtiles) character file.

Game seed: 17930595295419903816

13179 Smaepdii the Cleaver (level 11, -6/103 HPs)
             Began as a Deep Dwarf Artificer on Aug 28, 2021.
             Was a Believer of Makhleb.
             Mangled by a minotaur (24 damage)
             ... in a Gauntlet.
             The game lasted 01:32:08 (12471 turns).

Smaepdii the Cleaver (Deep Dwarf Artificer)        Turns: 12471, Time: 01:32:09

Health: -6/103     AC: 19    Str: 19    XL:     11   Next: 72%
Magic:  10/10      EV: 29    Int: 16    God:    Makhleb [**....]
Gold:   228        SH:  5    Dex: 17    Spells: 10/10 levels left

rFire   + + .      SeeInvis .   E - +3 mace "Diqi" {vamp, rF+ Will+ Dex+4}
rCold   + . .      Faith    .   a - +0 buckler
rNeg    . . .      Spirit   .   L - +4 scale mail
rPois   .          Reflect  .   c - +1 helmet
rElec   .          Harm     .   x - scarf {rC+ rF+}
rCorr   .          Rampage  .   K - +1 pair of gloves of Lishuqis {+Blink Int+4}
Will    +++..      NoTele   +   y - +1 pair of boots
Stlth   ++........              k - amulet of the acrobat
HPRegen 0.00/turn               h - ring of willpower
MPRegen 0.12/turn               r - +4 ring of evasion

@: acrobatic
A: damage resistance, heal wounds, sense surroundings 2, no regeneration
a: Heal Wounds, Renounce Religion, Evoke Blink, Minor Destruction


You were in a Gauntlet.
You worshipped Makhleb.
Makhleb was pleased with you.
You visited 2 branches of the dungeon, and saw 12 of its levels.
You also visited: Gauntlet.

You collected 593 gold pieces.
You spent 365 gold pieces at shops.

Inventory:

Hand Weapons
 l - a +0 vampiric war axe
 o - the +7 rapier of the Valley of Death {freeze, rElec rF+ Int+2 Stlth-}
   (You found it on level 4 of the Dungeon)

   It freezes those it strikes, dealing additional cold damage.
   It can also slow down cold-blooded creatures.
   Int:       It affects your intelligence (+2).
   rF:        It protects you from fire.
   rElec:     It insulates you from electricity.
   Stlth:     It makes you less stealthy.
 w - a +0 hand axe of flaming
 A - a +3 dagger of draining
 E - the +3 mace "Diqi" (weapon) {vamp, rF+ Will+ Dex+4}
   (You found it on level 6 of the Dungeon)

   It occasionally heals its wielder for a portion of the damage dealt when it
   wounds a living foe.
   Dex:       It affects your dexterity (+4).
   rF:        It protects you from fire.
   Will:      It increases your willpower.
Missiles
 n - 252 stones
 t - 29 poisoned darts (quivered)
 z - 6 boomerangs
Armour
 a - a +0 buckler (worn)
 c - a +1 helmet (worn)
 j - the +2 helmet of Foolhardiness {Rampage *Corrode Dex+9}
   (You found it in a Gauntlet)

   Dex:       It affects your dexterity (+9).
   *Corrode:  It may corrode you when you take damage.
   Rampage:   It bestows one free step when moving towards enemies.
 x - a scarf of resistance (worn)
 y - a +1 pair of boots (worn)
 K - the +1 pair of gloves of Lishuqis (worn) {+Blink Int+4}
   (You found it on level 9 of the Dungeon)

   Int:       It affects your intelligence (+4).
   +Blink:    It lets you blink.
 L - a +4 scale mail (worn)
 O - a scarf of shadows
 T - a +1 cloak of preservation
Jewellery
 b - a ring of protection from fire
 h - a ring of willpower (left hand)
 k - an amulet of the acrobat (around neck)
 r - a +4 ring of evasion (right hand)
 v - a ring of fire
 H - a ring of flight
 M - a ring of protection from fire
Wands
 d - a wand of charming (4)
 f - a wand of flame (10)
 C - a wand of mindburst (9)
 D - a wand of polymorph (10)
 G - a wand of iceblast (13)
 I - a wand of acid (9)
Scrolls
 p - a scroll of fear {unknown}
 q - a scroll of torment {unknown}
 s - a scroll of fog {unknown}
 u - 3 scrolls of amnesia
 F - a scroll of blinking
 N - a scroll of summoning {unknown}
 Q - a scroll of acquirement {unknown}
 S - a scroll of identify
Potions
 g - 2 potions of cancellation
 i - a potion of curing
 m - 2 potions of mutation
 B - a potion of flight
 J - a potion of lignification
 P - a potion of brilliance {unknown}
Miscellaneous
 e - a piece from Xom's chessboard (15/15)
 R - a condenser vane (inert)


   Skills:
 + Level 7.9 Fighting
 * Level 12.6 Axes
 + Level 8.5 Armour
 - Level 1.4 Dodging
 - Level 5.4 Stealth
 - Level 4.0 Shields
 + Level 9.7 Invocations
 - Level 4.3 Evocations


You had 10 spell levels left.
You didn't know any spells.
Your spell library contained the following spells:

 Spells                   Type           Power      Damage    Failure   Level
 Slow                     Hex            0%         N/A       67%         2
 Confusing Touch          Hex            0%         N/A       88%         3
 Conjure Flame            Conj/Fire      0%         6-21      88%         3
 Ignite Poison            Fire/Tmut/Pois 0%         N/A       88%         3
 Sticky Flame             Conj/Fire      0%         2d3       99%         4
 Blade Hands              Tmut           0%         N/A       100%        5
 Irradiate                Conj/Tmut      0%         3d14      100%        5
 Yara's Violent Unravell  Hex/Tmut       0%         3d3       100%        5
 Dragon Form              Tmut           0%         N/A       100%        7


Dungeon Overview and Level Annotations

Branches:
Dungeon (11/15)            Temple (1/1) D:5            Lair (0/6) D:9
    Orc (0/2) D:10        Gauntlet (1/1)

Altars:
Ashenzari
Cheibriados
Dithmenos
Elyvilon
Fedhas
Gozag
Hepliaklqana
Kikubaaqudgha
Makhleb
Nemelex Xobeh
Okawaru
Qazlal
Ru
Sif Muna
Trog
Uskayaw
Vehumet
Wu Jian
Xom
Yredelemnul
Zin
The Shining One
Beogh

Shops:
D:2 [   D:3 [   D:7 !   D:9 (   D:10 =

Annotations:
D:5 exclusion: oklob plant
D:9 1 runed translucent door Gauntlet 8 transporters, 1 runed translucent door


Innate Abilities, Weirdness & Mutations

You are resistant to damage.
You can heal yourself by infusing magical energy.
You passively map the area around you.
You do not regenerate.


Message History

* * * LOW HITPOINT WARNING * * *
The sixfirhy shocks you!
* * * LOW HITPOINT WARNING * * *
You block the sixfirhy's attack.
You feel much better.
The sixfirhy hits you but does no damage.
The sixfirhy hits you but does no damage.
You block the sixfirhy's attack. The sixfirhy completely misses you.
You blink.
You block the sixfirhy's attack. The sixfirhy completely misses you. x3
The sixfirhy misses you. The sixfirhy closely misses you.
The sixfirhy hits you but does no damage.
You open the door. The sixfirhy hits you. The sixfirhy shocks you!
The sixfirhy hits you but does no damage. x2
A minotaur comes into view. It is wielding a +0 flail of pain.
The sixfirhy hits you!
* * * LOW HITPOINT WARNING * * *
The sixfirhy shocks you!
* * * LOW HITPOINT WARNING * * *
You block the sixfirhy's attack.
Found a runed flail.
Found a gate leading back out of this place.
The minotaur bellows!
There is an open door here.
The minotaur hits you with a +0 flail of pain!
* * * LOW HITPOINT WARNING * * *
You writhe in agony.
The minotaur misses you.
You feel much better.
The sixfirhy hits you but does no damage.
The minotaur hits you with a +0 flail of pain.
You writhe in agony.
The minotaur gores you but does no damage.
The sixfirhy barely misses you. The sixfirhy hits you.
* * * LOW HITPOINT WARNING * * *
The sixfirhy shocks you!
* * * LOW HITPOINT WARNING * * *
The sixfirhy completely misses you.
The minotaur hits you with a +0 flail of pain!!
You die...

B#...## ##...≈#
.....## ## ##
..8.####.# ..#
....≈##..##.#.# *
#...##......#.# ,
#...#....##.#.####+##
#...#.8©.##...##..⌠.#
#...#....##.#.##@...#
#.8.#.83....#333H..⌠+,
#...#....##.#.##.⌠..#*
#...#.8©3##...###+###
#...#....##.#.#
#.§§##......#.# *
....≈##..##.#.#
..8.####.##...#
.....##########


You could see a minotaur and 3 sixfirhies.

Vanquished Creatures
  Erolcha (D:9)
  2 two-headed ogres (D:11)
  Pikel (D:6)
  A deep elf pyromancer (D:9)
  A gargoyle (D:11)
  A troll (D:10)
  A slime creature (D:9)
  A centaur simulacrum (D:10)
  6 shadows
  A wyvern (D:9)
  12 yaks
  An acid dragon (D:7)
  5 water moccasins
  A floating eye (shapeshifter) (D:10)
  7 orc warriors
  An ice beast (D:6)
  2 necrophages
  A sky beast (D:6)
  A black bear (D:7)
  4 ogres
  5 centaurs
  2 lemures (D:6)
  2 bullfrogs
  A scorpion (D:4)
  A water moccasin zombie (D:5)
  A wyvern skeleton (D:7)
  21 killer bees (D:9)
  17 wights
  2 howler monkeys
  3 centaur zombies
  5 hounds
  A jelly (D:3)
  Crazy Yiuf (D:6)
  3 orc priests
  4 centaur skeletons
  2 iguanas
  11 orc wizards
  2 hound skeletons
  A howler monkey zombie (D:10)
  7 gnolls
  A howler monkey skeleton (D:10)
  8 adders
  A white imp (D:7)
  4 worms (D:2)
  2 dart slugs (D:3)
  36 orcs
  11 ball pythons
  8 bats
  9 endoplasms
  A giant cockroach (D:3)
  7 hobgoblins
  4 jackals (D:2)
  8 kobolds
  3 quokkas
  6 frilled lizards
  6 goblins
  A goblin skeleton (D:9)
  A jackal zombie (D:9)
  5 rats
265 creatures vanquished.

Vanquished Creatures (collateral kills)
  An orc warrior (D:10)
  2 orc priests
  2 orc wizards
5 creatures vanquished.

Vanquished Creatures (others)
  A yak (D:8)
  A basilisk (D:9)
  An acid dragon (D:11)
  A bush (D:9)
  A fungus (D:9)
  22 plants
27 creatures vanquished.

Grand Total: 297 creatures vanquished

Notes
Turn   | Place    | Note
-------+----------+-------------------------------------------
     0 | D:1      | Smaepdii the Deep Dwarf Artificer began the quest for the
                  | Orb.
     0 | D:1      | Reached XP level 1. HP: 16/16 MP: 1/1
    25 | D:1      | Reached skill level 1 in Fighting
   208 | D:1      | Reached XP level 2. HP: 6/25 MP: 2/2
   622 | D:1      | Found a faded altar of an unknown god.
   804 | D:2      | Reached XP level 3. HP: 21/31 MP: 3/3
   990 | D:2      | Reached skill level 1 in Axes
   990 | D:2      | Reached skill level 1 in Shields
  1324 | D:2      | Found Utamu's Antique Armour Emporium.
  1350 | D:2      | Noticed an ogre
  1445 | D:2      | Reached XP level 4. HP: 39/39 MP: 4/4
  1515 | D:2      | Killed an ogre
  1516 | D:2      | Reached skill level 2 in Axes
  1516 | D:2      | Reached XP level 5. HP: 45/45 MP: 5/5
  1889 | D:2      | Reached skill level 3 in Axes
  2341 | D:3      | Reached XP level 6. HP: 47/55 MP: 6/6
  2444 | D:3      | Found Jomer's Antique Armour Emporium.
  2535 | D:2      | Bought a pair of boots for 90 gold pieces
  3332 | D:4      | Reached skill level 4 in Axes
  3636 | D:4      | Reached XP level 7. HP: 44/62 MP: 7/7
  3889 | D:4      | Identified the +7 rapier of the Valley of Death {freeze,
                  | rElec rF+ Int+2 Stlth-}
  4133 | D:5      | Entered Level 5 of the Dungeon
  4194 | D:5      | Found a blossoming altar of Fedhas.
  4267 | D:5      | Reached skill level 5 in Axes
  4294 | D:5      | Reached skill level 5 in Stealth
  4473 | D:5      | Found a staircase to the Ecumenical Temple.
  4479 | Temple   | Entered the Ecumenical Temple
  4572 | Temple   | Became a worshipper of Makhleb the Destroyer
  4798 | D:3      | Bought a chain mail for 103 gold pieces
  4865 | D:5      | Reached XP level 8. HP: 69/72 MP: 8/8
  4975 | D:5      | Noticed an oklob plant
  5434 | D:6      | Reached skill level 6 in Axes
  5491 | D:6      | Reached skill level 1 in Invocations
  5874 | D:6      | Reached skill level 7 in Axes
  6101 | D:6      | Noticed Pikel
  6124 | D:6      | Killed Pikel
  6125 | D:6      | Reached skill level 5 in Fighting
  6125 | D:6      | Reached skill level 8 in Axes
  6125 | D:6      | Gained mutation: You passively map the area around you.
                  | [Deep Dwarf growth]
  6125 | D:6      | Reached XP level 9. HP: 53/81 MP: 10/12
  6421 | D:6      | Found a runed translucent door.
  6422 | D:6      | Noticed Crazy Yiuf
  6560 | D:6      | Killed Crazy Yiuf
  6575 | D:6      | Identified the +3 mace "Diqi" {vamp, rF+ Will+ Dex+4}
  6960 | D:6      | Reached skill level 5 in Invocations
  7039 | D:7      | Reached skill level 5 in Armour
  7252 | D:7      | Found an ornate altar of the Wu Jian Council.
  7277 | D:7      | Found Cotanut's Distillery.
  7353 | D:7      | Found a broken altar of Ashenzari.
  7677 | D:8      | Reached skill level 9 in Axes
  7937 | D:8      | Reached XP level 10. HP: 47/78 MP: 13/13
  8189 | D:8      | Found a hazy altar of Hepliaklqana.
  8436 | D:8      | Reached skill level 10 in Axes
  8886 | D:9      | Found a stormy altar of Qazlal.
  8956 | D:9      | Noticed Erolcha
  9005 | D:9      | Reached * piety under Makhleb
  9015 | D:9      | Killed Erolcha
  9210 | D:9      | Found Hakups's Weapon Emporium.
  9379 | D:3      | Bought a pair of embroidered gloves for 172 gold pieces
  9488 | D:9      | Noticed a deep elf pyromancer
  9495 | D:9      | Killed a deep elf pyromancer
  9581 | D:9      | Reached skill level 11 in Axes
  9635 | D:9      | Found a runed translucent door.
  9695 | D:9      | Found a basalt altar of Yredelemnul.
  9797 | D:9      | Identified the +1 pair of gloves of Lishuqis {+Blink Int+4}
 10000 | D:9      | Reached XP level 11. HP: 100/100 MP: 13/13
 10060 | D:9      | Found a staircase to the Lair.
 10333 | D:10     | Entered Level 10 of the Dungeon
 10539 | D:10     | Noticed a fire crab
 10594 | D:10     | Found a staircase to the Orcish Mines.
 10645 | D:10     | Reached ** piety under Makhleb
 11217 | D:10     | Found Qofoc's Jewellery Boutique.
 11657 | D:11     | Noticed a two-headed ogre
 11668 | D:11     | Killed a two-headed ogre
 11669 | D:11     | Reached skill level 12 in Axes
 11881 | D:11     | Noticed a two-headed ogre
 11893 | D:11     | Killed a two-headed ogre
 11938 | D:11     | Identified the +1 robe of Masochism {rPois rC+ Will- Str+3}
 12070 | D:11     | Noticed a purple ugly thing
 12125 | D:11     | Found a gate leading to a gauntlet.
 12130 | Gauntlet | Entered a Gauntlet
 12130 | Gauntlet | Found a transporter.
 12132 | Gauntlet | Noticed a great orb of eyes
 12133 | Gauntlet | Noticed a cyan ugly thing
 12134 | Gauntlet | Found a transporter.
 12134 | Gauntlet | Noticed a cyan ugly thing
 12146 | Gauntlet | Found a transporter.
 12150 | Gauntlet | Found a transporter.
 12153 | Gauntlet | Noticed a death scarab
 12153 | Gauntlet | Noticed a death scarab
 12165 | Gauntlet | Found a transporter.
 12178 | Gauntlet | Noticed a sixfirhy
 12179 | Gauntlet | Found a runed translucent door.
 12179 | Gauntlet | Noticed a sixfirhy
 12180 | Gauntlet | Found a transporter.
 12180 | Gauntlet | Noticed a sixfirhy
 12188 | Gauntlet | Noticed a sixfirhy
 12193 | Gauntlet | Found a transporter.
 12209 | Gauntlet | Noticed a fire crab
 12214 | Gauntlet | Found a transporter.
 12214 | Gauntlet | Found a transporter.
 12220 | Gauntlet | Noticed a thrashing horror
 12222 | Gauntlet | Found a transporter.
 12228 | Gauntlet | Noticed a thrashing horror
 12247 | Gauntlet | Found a transporter.
 12249 | Gauntlet | Found a transporter.
 12253 | Gauntlet | Found a runed translucent door.
 12423 | Gauntlet | Identified the +2 helmet of Foolhardiness {Rampage *Corrode
                  | Dex+9}
 12467 | Gauntlet | Noticed a minotaur
 12471 | Gauntlet | Identified the amulet of Nacuraer {RegenMP rF+ rC+ Int+4}
 12471 | Gauntlet | Mangled by a minotaur

Illustrated notes

Levels and vault maps discovered:
D:1:      wander_arrival_lonely_grave, layout_rooms,
          dreamdust_ecumenical_altar_grove, serial_park_tiny_1, minmay_tall_x
D:2:      layout_basic, serial_glass, glass_columns_a, glass_columns_a,
          glass_columns_b, glass_columns_b, glass_columns_c, glass_columns_a,
          serial_shops, nicolae_shop_crystal, kennysheep_generic_room_16
D:3:      layout_loops_cross, serial_shops, shop
D:4:      layout_cave_pools
D:5:      layout_basic, tgw_fedhas, temple_green
D:6:      layout_basic, uniq_crazy_yiuf_cottage, uniq_pikel
D:7:      layout_loops_corners, mainiacjoe_overflow_catwalk_spiral,
          serial_shops, shop, minmay_shattered_shrine
D:8:      layout_basic, mainiacjoe_overflow_tiny_flanked
D:9:      layout_irregular_city, lemuel_doored_altar, dk_yredelemnul_ordeal,
          minmay_lair_entry_grove, serial_shops, shop,
          kennysheep_generic_room_4, uniq_erolcha
D:10:     layout_small_grid, minmay_orc_entry_temple_small, serial_shops,
          nicolae_lakefront_shop, hangedman_weighted_door
D:11:     layout_loops_cross, gauntlet_entry_generic, kennysheep_nub
Temple:   lightli_temple_of_artemis
Gauntlet: minmay_gauntlet_mixed_oops_all_seconds [minmay_gauntlet_arena_77_fan,
          gammafunk_gauntlet_arena_teeth, minmay_gauntlet_arena_77_double_cross,
          gammafunk_gauntlet_arena_chambers, minmay_gauntlet_arena_77_cramped,
          gammafunk_gauntlet_arena_crates, gauntlet_exit_hidden_loot]

Skill      XL: |  1  2  3  4  5  6  7  8  9 10 11 |
---------------+----------------------------------+-----
Fighting       | 1 2 3 5 7 |  7.9
Stealth        | 2 3 4 5 |  5.4
Axes           | 1 2 3 4 5 8 9 11 12 | 12.6
Shields        | 1 2 3 4 |  4.0
Invocations    | 4 6 8 9 |  9.7
Armour         | 4 5 7 8 |  8.5
Dodging        | |  1.4
Evocations     | |  4.3

Action                   |  1- 3 |  4- 6 |  7- 9 | 10-12 || total
-------------------------+-------+-------+-------+-------++-------
Melee: Trident           |    43 |       |       |       ||    43
       Club              |     5 |       |       |       ||     5
       Hand axe          |   121 |   202 |       |       ||   323
       Dagger            |       |    58 |    16 |       ||    74
       Rapier            |       |       |    44 |       ||    44
       War axe           |       |       |   154 |       ||   154
       Mace              |       |       |   176 |   729 ||   905
Throw: Stone             |    11 |    75 |     3 |       ||    89
       Boomerang         |       |     2 |     6 |     5 ||    13
       Dart              |       |       |    29 |    15 ||    44
Invok: Minor Destruction |       |       |       |     2 ||     2
 Abil: Heal Wounds       |     4 |     4 |    10 |    26 ||    44
       Evoke Blink       |       |       |       |     3 ||     3
Evoke: Wand              |     4 |    11 |     2 |    23 ||    40
       Piece from Xom's  |       |       |       |     1 ||     1
       Condenser vane    |       |       |       |     1 ||     1
  Use: Scroll            |       |    10 |     7 |     5 ||    22
       Potion            |       |       |     3 |     5 ||     8
 Stab: Sleeping          |       |     1 |       |       ||     1
Armor: Leather armour    |    23 |       |       |       ||    23
       Ring mail         |    47 |     7 |       |       ||    54
       Scale mail        |       |    49 |    17 |   211 ||   277
       Chain mail        |       |       |   122 |   210 ||   332
Dodge: Dodged            |   106 |   174 |   234 |   631 ||  1145
Block: Buckler           |       |       |    84 |   258 ||   342

Table legend: (Time is in decaauts)
 A = Elapsed time spent in this place.
 B = Non-inter-level travel time spent in this place.
 C = Inter-level travel time spent in this place.
 D = Time resting spent in this place.
 E = Time spent auto-exploring this place.
 F = Levels seen in this place.
 G = Mean time per level.
                   A        B        C        D        E       F      G
               +--------+--------+--------+--------+--------+-----+--------+
         Total |  12667 |  11930 |    737 |    922 |   5510 |  13 |  974.4 |
       Dungeon |  12206 |  11469 |    737 |    922 |   5328 |  11 | 1109.6 |
        Temple |    118 |    118 |      0 |      0 |     81 |   1 |  118.0 |
      Gauntlet |    342 |    342 |      0 |      0 |    101 |   1 |  342.0 |
               +--------+--------+--------+--------+--------+-----+--------+

Top non-repeatable levels by time:
     D:2: 1614 daAuts
     D:6: 1439 daAuts
     D:8: 1362 daAuts
    D:10: 1317 daAuts
     D:9: 1268 daAuts
     D:3: 1044 daAuts
     D:7: 1013 daAuts
     D:4: 966 daAuts
     D:5: 923 daAuts
     D:1: 763 daAuts
    D:11: 493 daAuts
Gauntlet: 342 daAuts
  Temple: 118 daAuts
